 Dungeon Crawl Stone Soup version 0.23.2-1-ga50397a (webtiles) character file.

Game seed: 6914581985262503168

79820 shadizar the Warrior (level 15, -17/104 HPs)
             Began as a Gargoyle Fighter on Apr 27, 2019.
             Was the Champion of the Shining One.
             Killed from afar by a balrug (30 damage)
             ... with a bolt of fire
             ... summoned by Asterion
             ... on level 1 of the Snake Pit.
             The game lasted 00:53:31 (22013 turns).

shadizar the Warrior (Gargoyle Fighter)            Turns: 22013, Time: 00:53:31

Health: -17/104    AC: 43    Str: 23    XL:     15   Next: 64%
Magic:  13/18      EV: 14    Int:  8    God:    the Shining One [******]
Gold:   1574       SH: 19    Dex: 14    Spells: 14/14 levels left

rFire    . . .     SeeInvis .   I - +4 war axe
rCold    + + .     Gourm    .   P - +0 large shield
rNeg     + + +     Faith    .   d - +0 plate armour {rC+}
rPois    ∞         Spirit   .   S - +2 hat
rElec    +         Reflect  .   E - scarf {repulsion}
rCorr    .         Harm     .   u - +1 pair of gloves {archery}
MR       +++..                  z - +2 pair of boots
Stlth    ..........             Z - amulet of regeneration
HPRegen  0.67/turn              Y - ring "Qaixu" {rPois rC+ MR++ Str-4}
MPRegen  0.16/turn              V - ring of Robustness {AC+8}

@: agile, flying, glowing, repel missiles
A: big wings, negative energy resistance 1, electricity resistance, unbreathing,
petrification resistance, rot immunity, AC +11
a: Stop Flying, Divine Shield, Cleansing Flame, Summon Divine Warrior, Brand
Weapon With Holy Wrath, Renounce Religion


You were on level 1 of the Snake Pit.
You worshipped the Shining One.
The Shining One was exalted by your worship.
You were not hungry.

You visited 5 branches of the dungeon, and saw 22 of its levels.
You also visited: Ice Cave.

You collected 2124 gold pieces.
You spent 550 gold pieces at shops.

Inventory:

Hand Weapons
 a - the +6 dire flail "Buoloez" {flame, rF- rC+ Dex+6}
   (You acquired it on level 9 of the Dungeon)

   It has been specially enchanted to burn those struck by it, causing extra
   injury to most foes and up to half again as much damage against particularly
   susceptible opponents.
   It affects your dexterity (+6).
   It makes you vulnerable to fire.
   It protects you from cold.
 r - a +2 whip of electrocution
 I - a +4 war axe (weapon)
 M - the +8 hand crossbow of the Egg {penet, +Blink rC- Dex+9 SInv, unknown}
   (You found it on level 7 of the Dungeon)

   Ammo fired by it will pass through the targets it hits, potentially hitting
   all targets in its path until it reaches maximum range.
   It affects your dexterity (+9).
   It makes you vulnerable to cold.
   It lets you see invisible.
   It lets you blink.
Armour
 d - a +0 plate armour of cold resistance (worn)
 u - a +1 pair of gloves of archery (worn)
 z - a +2 pair of boots (worn)
 E - a scarf of repulsion (worn)
 P - a +0 large shield (worn)
 S - a +2 hat (worn)
Jewellery
 k - an uncursed ring of ice
 N - an uncursed ring of see invisible
 U - a +4 ring of evasion
 V - the ring of Robustness (right hand) {AC+8}
   (You found it on level 4 of the Lair of Beasts)

   [ring of protection]

   It affects your AC (+8).
 W - a +5 ring of strength
 Y - the ring "Qaixu" (left hand) {rPois rC+ MR++ Str-4}
   (You found it on level 5 of the Lair of Beasts)

   [ring of protection from cold]

   It affects your strength (-4).
   It protects you from cold.
   It protects you from poison.
   It affects your resistance to hostile enchantments.
 Z - an amulet of regeneration (around neck)
Wands
 g - a wand of digging (6)
 i - a wand of paralysis (7)
 q - a wand of acid (23)
 t - a wand of flame (42)
 A - a wand of disintegration (12)
 F - a wand of iceblast (7)
 L - a wand of enslavement (26)
Scrolls
 b - 2 scrolls of enchant armour
 h - a scroll of blinking
 j - 5 scrolls of identify
 o - 3 scrolls of enchant weapon
 s - 15 scrolls of teleportation
 C - 6 scrolls of remove curse
 Q - 2 scrolls of fear
 X - a scroll of magic mapping
Potions
 e - 3 potions of curing
 l - 4 potions of haste
 n - a potion of brilliance
 v - 2 potions of lignification
 w - 2 potions of ambrosia
 D - a potion of agility
 K - 2 potions of cancellation
Miscellaneous
 x - a fan of gales
Comestibles
 c - 4 chunks of flesh
 f - 33 rations


   Skills:
 + Level 16.1 Fighting
 + Level 5.3(8.2) Axes
 - Level 10.5(11.1) Maces & Flails
 + Level 12.5 Armour
 + Level 9.4 Dodging
 + Level 12.5 Shields
 + Level 4.1 Evocations


You had 14 spell levels left.
You didn't know any spells.
Your spell library contained the following spells:

 Spells                   Type           Power        Failure   Level  Hunger
 Animate Skeleton         Necr           N/A          100%        1    ##.....
 Apportation              Tloc           #.....       100%        1    ##.....
 Beastly Appendage        Tmut           #.....       100%        1    ##.....
 Confusing Touch          Hex            #.....       100%        1    ##.....
 Corona                   Hex            #......      100%        1    ##.....
 Infusion                 Chrm           #...         100%        1    ##.....
 Shock                    Conj/Air       #...         100%        1    ##.....
 Summon Small Mammal      Summ           #...         100%        1    ##.....
 Ensorcelled Hibernation  Hex/Ice        #.....       100%        2    ###....
 Shroud of Golubria       Chrm/Tloc      #.........   100%        2    ###....
 Song of Slaying          Chrm           #.......     100%        2    ###....
 Sticks to Snakes         Tmut           #.......     100%        2    ###....
 Swiftness                Chrm/Air       #.......     100%        2    ###....
 Confuse                  Hex            #.......     100%        3    ####...
 Dazzling Spray           Conj/Hex       #.....       100%        3    ####...
 Regeneration             Chrm/Necr      #.........   100%        3    ####...
 Spectral Weapon          Hex/Chrm       #.......     100%        3    ####...
 Spider Form              Tmut/Pois      #.........   100%        3    ####...
 Static Discharge         Conj/Air       #.......     100%        3    ####...
 Tukima's Dance           Hex            #.......     100%        3    ####...
 Airstrike                Air            #.........   100%        4    #####..
 Ice Form                 Ice/Tmut       #.......     100%        4    #####..
 Iskenderun's Mystic Bla  Conj           #.......     100%        4    #####..
 Blade Hands              Tmut           #.........   100%        5    ######.
 Lightning Bolt           Conj/Air       #.........   100%        5    ######.
 Bolt of Cold             Conj/Ice       #.........   100%        6    #######
 Iron Shot                Conj/Erth      #.........   100%        6    #######


Dungeon Overview and Level Annotations

Branches:
Dungeon (12/15)            Temple (1/1) D:6            Lair (6/6) D:8
  Swamp (0/4) Lair:4        Snake (1/4) Lair:2        Slime (0/5) Lair:6
    Orc (2/2) D:10            Elf (0/3) Orc:2

Altars:
Ashenzari
Cheibriados
Dithmenos
Elyvilon
Fedhas
Gozag
Hepliaklqana
Kikubaaqudgha
Makhleb
Nemelex Xobeh
Okawaru
Qazlal
Ru
Sif Muna
Trog
Uskayaw
Vehumet
Wu Jian
Xom
Yredelemnul
Zin
The Shining One
Beogh

Shops:
D:6 (   D:9 =   Orc:2 }?:[

Annotations:
D:3 1 runed translucent door, Crazy Yiuf
D:10 3 runed translucent doors, Frank's ghost, journeyman OpFi
Lair:6 exclusion: 4 oklob plants
Snake:1 2 runed translucent doors, Asterion; esteth's ghost, adept GnWz


Innate Abilities, Weirdness & Mutations

You are resistant to torment.
Your stone body is resilient. (AC +11)
You are immune to poison.
Your large and strong wings let you fly indefinitely.
You resist negative energy. (rN+)
You are resistant to electric shocks. (rElec)
You can survive without breathing.
You are immune to petrification.
You are immune to rotting.


Message History

Unknown command.
Unknown command.
Unknown command.
You hit the balrug.
The balrug is heavily wounded.
The balrug hits you but does no damage.
Unknown command.
You hit the balrug.
The balrug is heavily wounded.
Asterion snorts and paws the ground.
The balrug gestures at you. The bolt of fire hits you!
* * * LOW HITPOINT WARNING * * *
Unknown command.
You hit the balrug.
The balrug is heavily wounded.
You feel yourself slow down. The balrug gestures at you.
The bolt of fire hits you!!
You die...

####.###..## ## #§#§#
#....####... %#§§).
##..###..... #≈.§§.#
#..#....... ##.≈#.⌠(
##.......... #≈≈..≈.W
#...........
.####++####...........
.........#.##.........
........#@####........
.....>.#2## ##.....(.
........H# #......
........## #.....
...%...## #... .......
......# #..... #....#


You could see Asterion, a balrug and esteth's ghost.

Vanquished Creatures
  Gastronok (D:8)
  Aizul (Snake:1)
  A stone giant (Orc:2)
  Nessos (Orc:2)
  An ettin (Orc:1)
  Josephine (Lair:6)
  Harold (D:9)
  Fannar (Lair:1)
  A naga warrior (Snake:1)
  7 hydras
  A merfolk avatar (Lair:6)
  4 anacondas (Snake:1)
  4 two-headed ogres
  Erica (D:10)
  2 ogre magi (Orc:2)
  4 death yaks (Lair:6)
  A deep elf knight (D:9)
  Nergalle (Orc:2)
  2 sea snakes (Lair:6)
  2 harpies (Lair:6)
  Pikel (D:5)
  3 orc knights
  4 mana vipers (Snake:1)
  8 orc sorcerers
  A wizard (D:10)
  A salamander (Snake:1)
  5 ugly things
  4 manticores (Lair:6)
  A cyclops (Orc:1)
  2 ice statues (IceCv)
  Maurice (Orc:1)
  5 black mambas
  10 elephants
  A torpor snail (Lair:5)
  A naga mage (Snake:1)
  11 spiny frogs
  11 komodo dragons
  5 rime drakes
  A queen bee (D:9)
  5 polar bears
  2 hornets (Lair:6)
  8 trolls
  4 dream sheep (Lair:5)
  3 blink frogs (Lair:4)
  8 hippogriffs
  4 slime creatures (D:12)
  5 wraiths (Lair:6)
  5 wyverns
  13 yaks
  3 hungry ghosts
  A basilisk (Lair:4)
  A steam dragon (Lair:5)
  4 nagas (Snake:1)
  4 wargs
  18 water moccasins
  8 porcupines
  A hornet zombie (D:7)
  24 orc warriors
  4 sky beasts
  3 phantoms
  An eye of draining (D:9)
  17 ice beasts
  2 black bears
  19 ogres
  3 centaurs
  4 wolves (Lair:1)
  13 crocodiles
  A big kobold (D:11)
  20 bullfrogs
  A scorpion (D:5)
  A water moccasin skeleton (D:9)
  17 wights
  23 killer bees
  3 howler monkeys
  An electric eel (Lair:6)
  3 crimson imps
  2 bullfrog zombies
  A centaur zombie (D:12)
  15 jellies
  2 quasits
  10 orc priests
  2 centaur skeletons
  3 bullfrog skeletons
  5 hounds
  2 iguanas
  Jessica (D:3)
  7 worker ants
  Natasha (thrice) (D:3)
  41 orc wizards
  A hound skeleton (D:5)
  2 worker ant zombies (D:9)
  23 adders
  A howler monkey skeleton (D:4)
  2 shadow imps
  2 oozes
  An adder skeleton (D:6)
  An adder zombie (D:6)
  2 worms
  A dart slug (D:2)
  5 leopard geckos
  104 orcs
  3 giant cockroaches
  5 goblins
  8 hobgoblins
  4 jackals
  4 quokkas
  4 ball pythons
  12 bats
  6 frilled lizards
  9 kobolds
  2 leopard gecko skeletons
  A quokka zombie (D:10)
  19 rats
  2 plants
689 creatures vanquished.

Vanquished Creatures (others)
  A centaur (D:5)
  An orc wizard (D:3)
  An orc (Orc:2)
  2 fungi (Lair:4)
  13 plants
18 creatures vanquished.

Grand Total: 707 creatures vanquished

Notes
Turn   | Place    | Note
-------+----------+-------------------------------------------
     0 | D:1      | shadizar the Gargoyle Fighter began the quest for the Orb.
     0 | D:1      | Reached XP level 1. HP: 14/14 MP: 1/1
    41 | D:1      | Reached XP level 2. HP: 7/19 MP: 2/2
   430 | D:1      | Reached XP level 3. HP: 24/24 MP: 3/3
   998 | D:2      | Found a snail-covered altar of Cheibriados.
  1087 | D:2      | Reached skill level 4 in Fighting
  1101 | D:2      | Found a hide-covered altar of Uskayaw.
  1284 | D:2      | Reached XP level 4. HP: 29/29 MP: 4/4
  1485 | D:2      | Reached skill level 1 in Dodging
  1593 | D:2      | Found a sparkling altar of Nemelex Xobeh.
  1637 | D:2      | Reached XP level 5. HP: 9/34 MP: 5/5
  1861 | D:2      | Found a bloodstained altar of Trog.
  2120 | D:3      | Noticed Natasha
  2595 | D:3      | Reached skill level 5 in Fighting
  2765 | D:3      | Reached XP level 6. HP: 40/40 MP: 6/6
  2899 | D:3      | Found a runed translucent door.
  2900 | D:3      | Noticed Crazy Yiuf
  2927 | D:3      | Killed Natasha
  2939 | D:3      | Noticed Jessica
  3016 | D:3      | Found a bloodstained altar of Trog.
  3069 | D:3      | Killed Jessica
  3231 | D:3      | Reached XP level 7. HP: 40/45 MP: 7/7
  3319 | D:3      | Noticed Natasha
  3326 | D:3      | Killed Natasha
  3380 | D:3      | Noticed Natasha
  3389 | D:3      | Killed Natasha
  3726 | D:4      | Reached skill level 6 in Fighting
  4095 | D:4      | Reached skill level 5 in Armour
  4128 | D:4      | Reached skill level 5 in Shields
  4243 | D:4      | Reached XP level 8. HP: 46/52 MP: 8/8
  4651 | D:5      | Entered Level 5 of the Dungeon
  4808 | D:5      | Reached skill level 7 in Fighting
  4942 | D:5      | Noticed Pikel
  4957 | D:5      | Killed Pikel
  5233 | D:5      | Reached skill level 8 in Fighting
  5233 | D:5      | Reached XP level 9. HP: 55/59 MP: 9/9
  5567 | D:5      | Reached skill level 5 in Maces & Flails
  5879 | D:6      | Found a staircase to the Ecumenical Temple.
  5938 | Temple   | Entered the Ecumenical Temple
  5970 | Temple   | Became a worshipper of the Shining One
  6212 | D:6      | Reached skill level 9 in Fighting
  6241 | D:6      | Found a deep blue altar of Sif Muna.
  6273 | D:6      | Found Nafatwedghun's Weapon Shop.
  6398 | D:6      | Found a shimmering altar of Xom.
  6520 | D:6      | Found a blossoming altar of Fedhas.
  6726 | D:7      | Found a radiant altar of Vehumet.
  7008 | D:7      | Found a sacrificial altar of Ru.
  7077 | D:7      | Found a burning altar of Makhleb.
  7110 | D:7      | Got a faintly glowing hand crossbow
  7355 | D:7      | Reached XP level 10. HP: 66/66 MP: 10/10
  7541 | D:8      | Found a staircase to the Lair.
  7541 | D:8      | Noticed an elephant
  7567 | D:8      | Killed an elephant
  7582 | D:8      | Reached skill level 10 in Fighting
  7654 | D:8      | Got a brightly glowing robe
  7732 | D:8      | Noticed Gastronok
  7751 | D:8      | Killed Gastronok
  7751 | D:8      | Reached skill level 5 in Dodging
  8169 | D:9      | Reached * piety under the Shining One
  8192 | D:9      | Noticed a two-headed ogre
  8207 | D:9      | Killed a two-headed ogre
  8207 | D:9      | Reached skill level 11 in Fighting
  8207 | D:9      | Reached XP level 11. HP: 60/74 MP: 11/11
  8222 | D:9      | Found a roughly hewn altar of Beogh.
  8385 | D:9      | Identified a scroll of acquirement
  8388 | D:9      | Got an encrusted dire flail
  8397 | D:9      | Identified the +6 dire flail "Buoloez" {flame, rF- rC+
                  | Dex+6} (You acquired it on level 9 of the Dungeon)
  8616 | D:9      | Found Hittoalot's Jewellery Shoppe.
  8862 | D:9      | Reached ** piety under the Shining One
  9161 | D:10     | Entered Level 10 of the Dungeon
  9161 | D:10     | Found a staircase to the Orcish Mines.
  9171 | D:10     | Noticed Harold
  9171 | D:10     | Noticed an orc knight
  9172 | D:10     | Noticed a wizard
  9180 | D:10     | Noticed Erica
  9183 | D:10     | Noticed an orc knight
  9184 | D:10     | Noticed a deep elf knight
  9199 | D:9      | Killed an orc knight
  9333 | D:9      | Killed a deep elf knight
  9737 | Lair:1   | Entered Level 1 of the Lair of Beasts
  9754 | Lair:1   | Noticed Fannar
  9813 | Lair:1   | Killed Fannar
  9813 | Lair:1   | Reached skill level 12 in Fighting
 10322 | Lair:1   | Noticed a five-headed hydra
 10338 | Lair:1   | Killed a five-headed hydra
 10483 | Lair:1   | Reached XP level 12. HP: 73/82 MP: 12/12
 11334 | Lair:2   | Found a staircase to the Snake Pit.
 12077 | Lair:2   | Got a faintly glowing scale mail
 12947 | Lair:4   | Reached skill level 13 in Fighting
 13269 | Lair:4   | Found the ring of Robustness {AC+8}
 13298 | Lair:4   | Found a staircase to the Swamp.
 13357 | Lair:4   | Noticed a six-headed hydra
 13370 | Lair:4   | Killed a six-headed hydra
 13370 | Lair:4   | Reached skill level 10 in Armour
 13456 | Lair:4   | Reached skill level 10 in Shields
 13507 | Lair:4   | Reached XP level 13. HP: 29/89 MP: 13/13
 14249 | Lair:5   | Found a runed translucent door.
 14271 | Lair:5   | Reached skill level 14 in Fighting
 14277 | Lair:5   | Got a heavily runed jade ring
 14326 | Lair:5   | Reached *** piety under the Shining One
 14442 | Lair:5   | Found a frozen archway.
 14497 | Lair:5   | Identified the cursed +0 scale mail of Undesirable Species
                  | {rN+ Str+2} (You found it on level 2 of the Lair of Beasts)
 14498 | Lair:5   | Identified the ring "Qaixu" {rPois rC+ MR++ Str-4} (You
                  | found it on level 5 of the Lair of Beasts)
 14513 | IceCv    | Entered an ice cave
 14559 | IceCv    | Found a transporter.
 14652 | IceCv    | Found a transporter.
 15421 | Lair:6   | Entered Level 6 of the Lair of Beasts
 15425 | Lair:6   | Got a distressingly furry leather armour
 15512 | Lair:6   | Noticed Josephine
 15540 | Lair:6   | Killed Josephine
 15680 | Lair:6   | Reached skill level 10 in Maces & Flails
 15682 | Lair:6   | Reached **** piety under the Shining One
 15713 | Lair:6   | Gained mutation: Your large and strong wings let you fly
                  | indefinitely. [Gargoyle growth]
 15713 | Lair:6   | Reached XP level 14. HP: 38/96 MP: 14/14
 15719 | Lair:6   | Reached skill level 15 in Fighting
 16166 | Lair:6   | Found a staircase to the Slime Pits.
 16470 | Lair:6   | Identified the Volume of Blows and Bruises
 16508 | Lair:6   | Found a bloodstained altar of Trog.
 17230 | D:9      | Killed Harold
 17255 | D:10     | Reached skill level 1 in Axes
 17263 | D:10     | Killed Erica
 17318 | D:10     | Found a runed translucent gate.
 17319 | D:10     | Found a runed translucent gate.
 17320 | D:10     | Found a runed translucent gate.
 17338 | D:10     | Noticed Frank's ghost (journeyman OpFi)
 17369 | D:10     | Reached ***** piety under the Shining One
 17448 | D:10     | Reached skill level 1 in Evocations
 18392 | Orc:1    | Entered Level 1 of the Orcish Mines
 18664 | Orc:2    | Entered Level 2 of the Orcish Mines
 18834 | Orc:2    | Found a staircase to the Elven Halls.
 18834 | Orc:2    | Noticed Nessos
 18882 | Orc:2    | Noticed a stone giant
 18943 | Orc:2    | Killed a stone giant
 18959 | Orc:2    | Killed Nessos
 19147 | Orc:2    | Reached XP level 15. HP: 104/104 MP: 16/16
 19270 | Orc:2    | Found an ancient bone altar of Kikubaaqudgha.
 19270 | Orc:2    | Noticed Nergalle
 19292 | Orc:2    | Killed Nergalle
 19369 | Orc:2    | Found Kyxkesel's Book Emporium.
 19459 | Orc:2    | Found a roughly hewn altar of Beogh.
 19459 | Orc:2    | Found Ytud's Gadget Shoppe.
 19462 | Orc:2    | Found Diludupa's Magic Scroll Emporium.
 19527 | Orc:2    | Found a radiant altar of Vehumet.
 19601 | Orc:2    | Found Osuv Dufo's Antique Armour Shoppe.
 19609 | Orc:2    | Bought a pair of embroidered boots for 172 gold pieces
 19609 | Orc:2    | Bought an embroidered scarf for 184 gold pieces
 19946 | Orc:1    | Noticed Maurice
 20065 | Orc:1    | Killed Maurice
 20546 | D:12     | Reached skill level 16 in Fighting
 21220 | D:12     | Identified the +1 robe of the New World {rElec} (You found
                  | it on level 8 of the Dungeon)
 21241 | D:12     | Identified the cursed +0 leather armour of Brilliance {rF+}
                  | (You found it on level 6 of the Lair of Beasts)
 21486 | Orc:2    | Bought a scroll of enchant armour for 97 gold pieces
 21486 | Orc:2    | Bought a scroll of enchant armour for 97 gold pieces
 21727 | Snake:1  | Entered Level 1 of the Snake Pit
 21758 | Snake:1  | Reached ****** piety under the Shining One
 21774 | Snake:1  | Reached skill level 5 in Axes
 21951 | Snake:1  | Found a large runed translucent door.
 21951 | Snake:1  | Found a large runed translucent door.
 21951 | Snake:1  | Noticed esteth's ghost (adept GnWz)
 21953 | Snake:1  | Noticed Aizul
 21975 | Snake:1  | Noticed Asterion
 21983 | Snake:1  | Noticed a balrug
 22008 | Snake:1  | Killed Aizul
 22013 | Snake:1  | Killed from afar by a balrug

Skill      XL: |  1  2  3  4  5  6  7  8  9 10 11 12 13 14 15 |
---------------+----------------------------------------------+-----
Fighting       | 4 5 6 8 9 11 12 13 14 15 16 | 16.1
Dodging        | 1 2 3 4 5 6 7 8 9 |  9.4
Armour         | 4 5 7 8 9 10 11 12 | 12.5
Shields        | 4 5 6 8 9 10 11 12 | 12.5
Maces & Flails | 3 4 5 7 8 9 10 | 10.5
Axes           | 3 5 |  5.3
Evocations     | 2 4 |  4.1

Action                   |  1- 3 |  4- 6 |  7- 9 | 10-12 | 13-15 || total
-------------------------+-------+-------+-------+-------+-------++-------
Melee: Flail             |   142 |   203 |       |       |       ||   345
       Whip              |       |    38 |   447 |   798 |  1596 ||  2879
       War axe           |       |       |       |       |    96 ||    96
Invok: Divine Shield     |       |       |       |       |     2 ||     2
 Abil: Fly               |       |       |       |       |     1 ||     1
Evoke: Wand              |       |       |       |       |     1 ||     1
  Use: Potion            |       |     1 |       |     4 |    25 ||    30
       Scroll            |       |       |       |    12 |    20 ||    32
  Eat: Chunk             |     2 |     6 |    14 |    17 |    24 ||    63
       Ration            |       |       |       |     1 |     2 ||     3
Armor: Scale mail        |    97 |   195 |   226 |    22 |       ||   540
       Chain mail        |       |       |       |    20 |       ||    20
       Plate armour      |       |       |       |   249 |   928 ||  1177
Dodge: Dodged            |    40 |   102 |   140 |   197 |   428 ||   907
       Deflected         |       |       |       |       |     6 ||     6
Block: Shield            |    86 |   160 |   233 |    21 |       ||   500
       Large shield      |       |       |       |   584 |  1626 ||  2210
